 Dungeon Crawl Stone Soup version 0.26.1-11-gd32895ea62 (webtiles) character file.

Game seed: 4931759216146358856

82 unlimited1921 the Stinger (level 4, -3/30 HPs)
             Began as a Demonspawn Venom Mage on June 23, 2021.
             Slain by a gnoll
             ... wielding a +0 halberd
              (5 damage)
             ... on level 2 of the Dungeon.
             The game lasted 00:51:32 (2187 turns).

unlimited1921 the Stinger (Demonspawn Venom Mage)   Turns: 2187, Time: 00:51:33

Health: -3/30      AC:  3    Str:  8    XL:     4   Next: 21%
Magic:  1/7        EV: 12    Int: 17    God:
Gold:   39         SH:  0    Dex: 20    Spells: 7/8 levels left

rFire    x . .     SeeInvis .   n - +0 hunting sling
rCold    + . .     Faith    .   (no shield)
rNeg     . . .     Spirit   .   f - +0 leather armour
rPois    .         Reflect  .   (no helmet)
rElec    .         Harm     .   (no cloak)
rCorr    .         Rampage  .   (no gloves)
Will     .....                  (no boots)
Stlth    ++........             (no amulet)
HPRegen  0.10/turn              b - +6 ring of dexterity
MPRegen  0.10/turn              t - ring of ice

@: attractive
A: talons 1
a: no special abilities


You were on level 2 of the Dungeon.
You visited 1 branch of the dungeon, and saw 2 of its levels.

You collected 39 gold pieces.

Inventory:

Hand Weapons
 k - a +0 short sword
 l - a +0 club
 n - a +0 hunting sling (weapon)
 p - a +0 club
 r - a +0 whip
 s - a +0 hand axe
Missiles
 d - 89 stones (quivered ammo)
 g - 20 bolts
 i - 82 arrows
 m - 7 atropa-tipped darts
Armour
 a - a +0 robe
 f - a +0 leather armour (worn)
 u - a cursed +0 plate armour
Jewellery
 b - a +6 ring of dexterity (left hand)
 h - an uncursed ring of protection from cold
 t - a ring of ice (right hand)
Scrolls
 c - a scroll of blinking
 j - a scroll of identify
 o - a scroll of remove curse {unknown}


   Skills:
 + Level 0.2 Fighting
 + Level 0.7 Slings
 + Level 1.1 Armour
 + Level 1.9 Dodging
 + Level 2.1 Stealth
 + Level 2.5 Spellcasting
 + Level 1.6 Transmutations
 + Level 3.5 Poison Magic


You had 7 spell levels left.
You knew the following spells:

 Your Spells              Type           Power        Failure   Level
a - Sting                 Tmut/Pois      44%          9%          1

Your spell library contained the following spells:

 Spells                   Type           Power        Failure   Level
 Poisonous Vapours        Pois/Air       16%          19%         2
 Ignite Poison            Fire/Tmut/Pois 8%           36%         3
 Mephitic Cloud           Conj/Pois/Air  6%           43%         3
 Olgreb's Toxic Radiance  Pois           14%          52%         4


Dungeon Overview and Level Annotations

Branches:
Dungeon (2/15)

Altars:


Innate Abilities, Weirdness & Mutations

You have sharp toenails.


Message History

Casting: Sting (safe; 9% risk of failure)
Confirm with . or Enter, or press ? or * to list all spells.
Aiming: Sting (safe; 9% risk of failure)
Press: ? - help, Shift-Dir - straight line, f/p - gnoll
Aim: a gnoll, wielding a +0 whip (heavily wounded, poisoned, 25% to evade)
The sting hits the gnoll.
The gnoll looks even sicker.
The gnoll is severely wounded.
The gnoll hits you but does no damage.
The gnoll hits you from afar with a +0 halberd!
Ouch! That really hurt!
* * * LOW HITPOINT WARNING * * *
It was a potion of attraction.
You feel attractive to monsters. The gnoll misses you.
As you read the scroll labelled WEDUM QEUFOM, it crumbles to dust.
It is a scroll of identify.
u - a cursed +0 plate armour You kill the gnoll!
The gnoll hits you from afar with a +0 halberd.
You die...

8.#.######§§8g...#
.##....#gg§§.g.#.#
###....g§#§§§..#.#
# #....g######...#
#.....# ###.#
#.....# #g#
##...## #g# #..#.#
#)# #.##g# #@# #).
#g# #.# #.# #.#
#.# #.# #.. #.#
... ... #.# ..##
#.. .... ##. .###
. ##


You could see 2 gnolls.

Vanquished Creatures
  2 gnolls (D:2)
  2 adders (D:2)
  An ooze (D:1)
  An adder zombie (D:2)
  3 dart slugs
  2 leopard geckos (D:1)
  2 bats
  2 bat skeletons (D:2)
  2 giant cockroaches (D:1)
  2 goblins (D:1)
  4 hobgoblins (D:2)
  2 jackals
  8 kobolds
  2 ball pythons
  A frilled lizard (D:2)
  A giant cockroach zombie (D:2)
  5 rats
42 creatures vanquished.

Vanquished Creatures (others)
  4 fungi (D:1)
  11 withered plants (D:2)
15 creatures vanquished.

Grand Total: 57 creatures vanquished

Notes
Turn   | Place    | Note
-------+----------+-------------------------------------------
     0 | D:1      | unlimited1921 the Demonspawn Venom Mage began the quest for
                  | the Orb.
     0 | D:1      | Reached XP level 1. HP: 13/13 MP: 3/3
   329 | D:1      | Reached skill level 1 in Transmutations
   329 | D:1      | Gained mutation: You have sharp toenails. [demonic
                  | ancestry]
   329 | D:1      | Reached XP level 2. HP: 10/19 MP: 3/5
  1206 | D:1      | Reached XP level 3. HP: 24/24 MP: 4/6
  1280 | D:2      | Reached skill level 1 in Armour
  2067 | D:2      | Reached XP level 4. HP: 27/30 MP: 4/7
  2187 | D:2      | Slain by a gnoll

Illustrated notes

Levels and vault maps discovered:
D:1:      dpeg_arrival_prison, layout_basic, minmay_close_crescents
D:2:      layout_rooms, serial_undead, serial_undead_e, serial_undead_e,
          serial_undead_d, serial_undead_b, kennysheep_boxes,
          uniq_crazy_yiuf_cottage

Skill      XL: |  1  2  3 |
---------------+----------+-----
Stealth        | 2 |  2.1
Transmutations | 1 |  1.6
Armour         | 1 |  1.1
Fighting       | |  0.2
Slings         | |  0.7
Dodging        | |  1.9
Spellcasting   | |  2.5
Poison Magic   | |  3.5

Action                   |  1- 3 |  4- 6 || total
-------------------------+-------+-------++-------
Melee: Unarmed           |    17 |       ||    17
       Hunting sling     |    31 |     5 ||    36
       Kick              |    11 |     2 ||    13
 Fire: Hunting sling     |    39 |     7 ||    46
 Cast: Sting             |    63 |     6 ||    69
  Use: Potion            |     3 |     1 ||     4
       Scroll            |       |     3 ||     3
Armor: Leather armour    |    34 |     4 ||    38
Dodge: Dodged            |    91 |    11 ||   102
